 Dungeon Crawl Stone Soup version 0.22-a0-422-g9628fc8 (webtiles) character file.

31917 Ijustatesigmund the Brawler (level 13, -7/132 (133) HPs)
             Began as a Troll Berserker on May 17, 2018.
             Was a High Priest of Trog.
             Mangled by Agnes
             ... wielding a +1 lajatang of electrocution
              (20 damage)
             ... on level 14 of the Dungeon on May 18, 2018.
             The game lasted 00:38:45 (12966 turns).

Ijustatesigmund the Brawler (Troll Berserker)      Turns: 12966, Time: 00:38:47

HP:   -7/132 (133)  AC: 14    Str: 28    XL:     13   Next: 28%
MP:   10/10         EV: 13    Int:  3    God:    Trog [*****.]
Gold: 1049          SH:  0    Dex: 15    Spells: 12/12 levels left

rFire    . . .     SeeInvis .     - Unarmed
rCold    + . .     Gourm    +   (no shield)
rNeg     . . .     Faith    +   T - +1 troll leather armour
rPois    .         Spirit   .   e - +2 hat
rElec    .         Reflect  .   g - +2 cloak
rCorr    +         Harm     .   (gloves unavailable)
MR       ++...     Clarity  +   (boots unavailable)
Stlth    +.........             l - amulet of faith
HPRegen  2.12/turn              m - ring of protection from cold
MPRegen  0.12/turn              r - ring of resist corrosion

@: about to teleport, regenerating
A: large, unfitting armour, claws 3, agile 1, clarity, fast metabolism 3,
gourmand, low mp 1, regeneration 1, shaggy fur 1, tough skin 2
a: Berserk, Trog's Hand, Brothers in Arms, Renounce Religion


You were on level 14 of the Dungeon.
You worshipped Trog.
Trog was extremely pleased with you.
You were completely stuffed.

You visited 1 branch of the dungeon, and saw 14 of its levels.
You also visited: Sewer.

You collected 1049 gold pieces.

Inventory:

Hand Weapons
 n - a +0 giant spiked club
 L - the +9 dire flail of Armageddon {protect, +Inv rC- rN+ Dex+4}
   (Trog gifted it to you on level 10 of the Dungeon)

   It protects the one who uses it against injury (+AC on strike).
   It affects your dexterity (+4).
   It makes you vulnerable to cold.
   It protects you from negative energy.
   It lets you turn invisible.
Missiles
 y - 3 tomahawks of dispersal
 I - 12 steel javelins
 Q - 10 large rocks (quivered)
Armour
 e - a +2 hat (worn)
 g - a +2 cloak (worn)
 w - the +1 robe of the Equinox {Dex+3}
   (You found it on level 7 of the Dungeon)

   It affects your dexterity (+3).
 E - +0 steam dragon scales
 T - a +1 troll leather armour (worn)
Jewellery
 a - an uncursed ring of fire
 l - an amulet of faith (around neck)
 m - a ring of protection from cold (left claw)
 r - a ring of resist corrosion (right claw)
 s - an uncursed ring of fire
Wands
 d - a wand of iceblast (15)
 t - a wand of flame (82)
 A - a wand of polymorph (31)
 B - a wand of disintegration (13)
 K - a wand of random effects (43)
 O - a wand of acid (21)
Scrolls
 u - 3 scrolls of remove curse
 C - 2 scrolls of magic mapping
 G - 2 scrolls of blinking
 M - 2 scrolls of enchant weapon
Potions
 c - 2 potions of heal wounds
 f - 2 potions of curing
 h - 3 potions of haste
 i - 5 potions of resistance
 j - a potion of might
 o - 2 potions of agility
 q - 5 potions of flight
 v - 3 potions of lignification
 z - a potion of cancellation
 H - 3 potions of berserk rage
 J - a potion of brilliance
 U - a potion of degeneration {unknown}
 V - a potion of magic {unknown}
Comestibles
 b - 17 rations


   Skills:
 - Level 10.1 Fighting
 - Level 3.2 Maces & Flails
 - Level 4.6 Throwing
 - Level 6.1 Armour
 - Level 6.5 Dodging
 + Level 15.2 Unarmed Combat


You had 12 spell levels left.
You didn't know any spells.
Your spell library was empty.

Dungeon Overview and Level Annotations

Branches:
Dungeon (14/15)            Temple (0/1) D:4            Lair (0/6) D:9
    Orc (0/2) D:10
 Vaults: D:13-14

Altars:
Ashenzari
Dithmenos
Fedhas
Gozag
Ru
Uskayaw
Vehumet
Xom
Yredelemnul
The Shining One

Portals:
Trove: D:12 (give 11 potions of heal wounds)

Annotations:
D:14 Agnes


Innate Abilities, Weirdness & Mutations

You are too large for most types of armour.
You have claws for hands.
Your metabolism is lightning-fast.
You like to eat raw meat.
Your natural rate of healing is unusually fast.
You are covered in fur. (AC +1)
You have very tough skin. (AC +2)
You are agile. (Dex +2)
You possess an exceptional clarity of mind.
Your magical capacity is low. (-10% MP)


Message History

You are too injured to fight recklessly!
You are too injured to fight recklessly!
You are too injured to fight recklessly!
You are too injured to fight recklessly!
As you read the scroll of teleportation, it crumbles to dust.
You feel strangely unstable. Agnes misses you.
You eviscerate Agnes!!!
Agnes is moderately wounded.
Agnes hits you with a lajatang of electrocution!!
* * * LOW HITPOINT WARNING * * *
The purple ugly thing basks in the mutagenic energy from its kin and changes!
Your magical contamination has completely faded away.
You miss Agnes. Your claw misses Agnes.
Agnes is moderately wounded.
Agnes hits you with a lajatang of electrocution!
* * * LOW HITPOINT WARNING * * *
You are electrocuted!
* * * LOW HITPOINT WARNING * * *
Agnes hits you with a lajatang of electrocution!!
You die...

#...........................
#.......###.#############.##
#.......# #(# #....#.##
#.......# #(# #........
#.......# #(# ####.#...
#.......# #.# #.#...
......>.# #(# . ##..
........# #.# #+ ### #@# .
#i# # #u# #a# #u#


#zu ..z ... You could see Agnes, 3 ugly things, 2 skeletal warriors and a worker
ant.

Vanquished Creatures
  Nessos (D:13)
  A hydra (D:12)
  A centaur warrior (D:14)
  9 two-headed ogres
  Sonja (D:10)
  2 unseen horrors
  7 ugly things
  2 cyclopes
  A kobold demonologist (D:13)
  2 trolls (D:12)
  3 meliai (D:13)
  5 slime creatures (D:12)
  5 hippogriffs
  A centaur simulacrum (D:14)
  2 wraiths
  A vampire (D:6)
  A wyvern (D:12)
  2 shadows (D:14)
  Eustachio (D:6)
  12 yaks
  4 hungry ghosts
  2 basilisks (D:9)
  2 chaos spawn (D:14)
  A steam dragon (D:7)
  A vampire mosquito (D:8)
  2 acid dragons
  3 porcupines (D:9)
  7 orc warriors
  5 black bears
  The ghost of Verendum the Ruffian, an amateur TrMo of Okawaru (D:3)
  Purgy (Sewer)
  3 ice beasts
  4 sky beasts
  An eye of draining (D:8)
  2 necrophages (D:11)
  2 phantoms
  2 wolves (D:9)
  8 ogres
  21 centaurs
  3 crocodiles (D:9)
  3 big kobolds
  12 bullfrogs
  A gnoll sergeant (D:10)
  A wyvern skeleton (D:8)
  A water moccasin skeleton (D:5)
  9 scorpions
  13 killer bees
  24 wights
  A howler monkey (D:5)
  6 crimson imps
  3 bullfrog zombies
  A quasit (D:8)
  9 hounds
  4 jellies
  Crazy Yiuf (D:2)
  7 orc priests
  4 centaur skeletons
  Jessica (D:2)
  13 orc wizards
  10 worker ants
  A hound skeleton (D:5)
  A worker ant zombie (D:10)
  13 gnolls
  A howler monkey skeleton (D:10)
  15 adders
  3 shadow imps
  2 oozes
  3 adder skeletons
  3 worms
  2 dart slugs
  3 leopard geckos
  72 orcs
  4 bats
  14 giant cockroaches
  6 hobgoblins
  11 jackals
  3 quokkas
  2 ball pythons (D:4)
  7 frilled lizards
  6 goblins
  A jackal zombie (D:9)
  25 kobolds
  A leopard gecko zombie (D:5)
  A quokka skeleton (D:8)
  A quokka zombie (D:5)
  12 rats
472 creatures vanquished.

Vanquished Creatures (collateral kills)
  A worker ant (D:8)
1 creature vanquished.

Vanquished Creatures (others)
  A wight (D:14)
1 creature vanquished.

Grand Total: 474 creatures vanquished

Notes
Turn   | Place    | Note
-------+----------+-------------------------------------------
     0 | D:1      | Ijustatesigmund the Troll Berserker began the quest for the Orb.
     0 | D:1      | Reached XP level 1. HP: 22/22 MP: 0/0
   320 | D:1      | Reached XP level 2. HP: 26/29 MP: 1/1
   847 | D:2      | Noticed Jessica
   856 | D:2      | Killed Jessica
   856 | D:2      | Reached skill level 4 in Unarmed Combat
   856 | D:2      | Reached XP level 3. HP: 33/36 MP: 2/2
   985 | D:2      | Found a runed door.
   989 | D:2      | Noticed Crazy Yiuf
   992 | D:2      | Killed Crazy Yiuf
   992 | D:2      | Reached skill level 5 in Unarmed Combat
   992 | D:2      | Reached XP level 4. HP: 44/44 MP: 3/3
  1409 | D:3      | Reached XP level 5. HP: 50/50 MP: 4/4
  1503 | D:3      | Found a shattered altar of Ashenzari.
  1545 | D:3      | Reached ** piety under Trog
  1553 | D:3      | Reached skill level 6 in Unarmed Combat
  1848 | D:3      | Found a glowing golden altar of the Shining One.
  1957 | D:3      | Noticed Verendum's ghost (amateur TrMo)
  1973 | D:3      | Killed Verendum's ghost
  1973 | D:3      | Reached skill level 7 in Unarmed Combat
  1973 | D:3      | Reached XP level 6. HP: 38/59 MP: 5/5
  2430 | D:4      | Reached skill level 8 in Unarmed Combat
  2430 | D:4      | Reached XP level 7. HP: 66/66 MP: 6/6
  2775 | D:4      | Found a radiant altar of Vehumet.
  3003 | D:4      | Reached *** piety under Trog
  3260 | D:4      | Found a staircase to the Ecumenical Temple.
  3374 | D:5      | Entered Level 5 of the Dungeon
  3477 | D:5      | Found a blossoming altar of Fedhas.
  3487 | D:5      | Found a glowing drain.
  3503 | D:5      | Reached skill level 9 in Unarmed Combat
  3503 | D:5      | Reached XP level 8. HP: 78/78 MP: 7/7
  3534 | Sewer    | Entered a sewer
  3616 | Sewer    | Noticed Purgy
  3620 | Sewer    | Killed Purgy
  4146 | D:5      | Reached skill level 5 in Fighting
  4283 | D:5      | Found a sacrificial altar of Ru.
  4631 | D:6      | Reached skill level 10 in Unarmed Combat
  4635 | D:6      | Reached **** piety under Trog
  4673 | D:6      | Received a gift from Trog
  4828 | D:6      | Noticed Eustachio
  4833 | D:6      | Killed Eustachio
  4833 | D:6      | Reached XP level 9. HP: 89/89 MP: 8/8
  5234 | D:6      | Reached ***** piety under Trog
  5475 | D:6      | Gained mutation: Your magical capacity is low. (-10% MP) [potion of mutation]
  5475 | D:6      | Gained mutation: You possess an exceptional clarity of mind. [potion of mutation]
  5475 | D:6      | Gained mutation: You are agile. (Dex +2) [potion of mutation]
  5600 | D:7      | Found a hide-covered altar of Uskayaw.
  5600 | D:7      | Found a basalt altar of Yredelemnul.
  5652 | D:7      | Reached skill level 5 in Dodging
  5786 | D:7      | Got a distressingly furry robe
  5815 | D:7      | Found a runed door.
  5827 | D:7      | Found a runed door.
  6392 | D:7      | Received a gift from Trog
  6596 | D:7      | Reached XP level 10. HP: 66/104 MP: 8/8
  6793 | D:8      | Noticed a two-headed ogre
  6916 | D:8      | Killed a two-headed ogre
  6984 | D:8      | Identified the +1 robe of the Equinox {Dex+3} (You found it on level 7 of the Dungeon)
  7121 | D:8      | Reached skill level 1 in Armour
  7436 | D:8      | Noticed a two-headed ogre
  7448 | D:8      | Killed a two-headed ogre
  7448 | D:8      | Reached skill level 5 in Armour
  7777 | D:9      | Found an opulent altar of Gozag.
  7878 | D:9      | Reached XP level 11. HP: 95/111 MP: 8/8
  7903 | D:9      | Received a gift from Trog
  7935 | D:9      | Found a staircase to the Lair.
  8032 | D:9      | Noticed a two-headed ogre
  8039 | D:9      | Killed a two-headed ogre
  8039 | D:9      | Reached skill level 1 in Throwing
  8404 | D:10     | Entered Level 10 of the Dungeon
  8472 | D:10     | Noticed Sonja
  8490 | D:10     | Killed Sonja
  8490 | D:10     | Reached skill level 11 in Unarmed Combat
  8497 | D:11     | HP: 4/111 [poisoned by Sonja]
  9035 | D:11     | Found a glowing golden altar of the Shining One.
  9040 | D:10     | Noticed a two-headed ogre
  9042 | D:10     | Killed a two-headed ogre
  9046 | D:10     | Received a gift from Trog
  9049 | D:10     | Got a fine dire flail {god gift}
  9050 | D:10     | Identified the +9 dire flail of Armageddon {protect, +Inv rC- rN+ Dex+4} (Trog gifted it to you on level 10 of the Dungeon)
  9056 | D:10     | Found a staircase to the Orcish Mines.
  9056 | D:10     | Noticed a two-headed ogre
  9072 | D:10     | Killed a two-headed ogre
  9072 | D:10     | Reached skill level 1 in Maces & Flails
  9165 | D:10     | Killed an unseen horror
  9852 | D:11     | Reached XP level 12. HP: 118/122 MP: 9/9
 10220 | D:12     | Reached skill level 12 in Unarmed Combat
 10419 | D:12     | Received a gift from Trog
 10592 | D:12     | Noticed a six-headed hydra
 10596 | D:12     | Killed a six-headed hydra
 10784 | D:12     | Found a portal to a secret trove of treasure.
 10908 | D:12     | Noticed a two-headed ogre
 10914 | D:12     | Killed a two-headed ogre
 11017 | D:12     | Noticed a two-headed ogre
 11026 | D:12     | Killed a two-headed ogre
 11147 | D:12     | Reached skill level 10 in Fighting
 11155 | D:12     | Received a gift from Trog
 11553 | D:13     | Noticed a two-headed ogre
 11561 | D:13     | Killed a two-headed ogre
 11561 | D:13     | Reached skill level 13 in Unarmed Combat
 11736 | D:13     | Noticed Nessos
 11738 | D:13     | Killed Nessos
 11738 | D:13     | Received a gift from Trog
 12229 | D:13     | Reached skill level 14 in Unarmed Combat
 12446 | D:14     | Received a gift from Trog
 12463 | D:14     | Reached XP level 13. HP: 130/132 MP: 10/10
 12754 | D:14     | Found the +12 mace of Variability {chaos}
 12755 | D:14     | Found a shimmering altar of Xom.
 12774 | D:14     | Reached ****** piety under Trog
 12790 | D:14     | Reached skill level 15 in Unarmed Combat
 12863 | D:14     | Found a shadowy altar of Dithmenos.
 12921 | D:14     | Received a gift from Trog
 12947 | D:14     | Noticed Agnes
 12966 | D:14     | Mangled by Agnes

Vault maps used:
D:1:      mushboom_english_gardens, lemuel_old_faithful
D:2:      uniq_crazy_yiuf_cottage, uniq_jessica
D:3:      marbit_many_paths, ashenzari_altar_1
D:4:      kennysheep_mini_moat, temple_green, first_ration, corexii_corridor_pit
D:5:      fedhas_altar_3, kennysheep_mini, portal_sewer_entry_a
D:6:      grunt_ministairs_15, kennysheep_generic_room_7, uniq_eustachio
D:7:      lemuel_insect_pit, gammafunk_temple_overflow_elements
D:8:      hangedman_cross_veins
D:9:      old_standard_altar, minmay_lair_entry_grove
D:10:     orc_0_dummy, uniq_sonja
D:11:     basic_altar
D:12:     nicolae_trove_entry_columns
D:13:     uniq_nessos
D:14:     grunt_vaults_entry_fortified, grunt_dithmenos_shadows, the_bakery,
          library_closet, minmay_guarded_unrand_variability, uniq_agnes
Sewer:    kennysheep_door_sewer

Skill      XL: |  1  2  3  4  5  6  7  8  9 10 11 12 13 |
---------------+----------------------------------------+-----
Unarmed Combat | 4 5 7 8 9 10 11 14 15 | 15.2
Fighting       | 4 5 7 8 9 10 | 10.1
Dodging        | 3 5 6 |  6.5
Armour         | 5 6 |  6.1
Throwing       | 4 |  4.6
Maces & Flails | 3 |  3.2

Action                   |  1- 3 |  4- 6 |  7- 9 | 10-12 | 13-15 || total
-------------------------+-------+-------+-------+-------+-------++-------
Melee: Unarmed           |    56 |   125 |   340 |   622 |    88 ||  1231
       Punch             |       |       |    13 |    46 |    10 ||    69
       Dire flail        |       |       |       |    21 |       ||    21
Throw: Large rock        |       |       |       |     9 |     3 ||    12
Invok: Berserk           |     1 |     5 |    13 |    10 |       ||    29
       Trog's Hand       |       |       |     4 |     7 |     1 ||    12
       Brothers in Arms  |       |       |       |     1 |       ||     1
Evoke: Wand              |       |       |     1 |     5 |       ||     6
  Use: Scroll            |       |     8 |     8 |    11 |     3 ||    30
       Potion            |       |       |     1 |     4 |       ||     5
 Stab: Sleeping          |       |       |     2 |     2 |       ||     4
       Distracted        |       |       |       |     1 |       ||     1
       Invisible         |       |       |       |       |     1 ||     1
  Eat: Chunk             |     9 |    24 |    49 |    60 |    13 ||   155
       Ration            |       |       |       |     3 |       ||     3
Armor: Animal skin       |    12 |    29 |       |       |       ||    41
       Robe              |       |       |   162 |     4 |       ||   166
       Steam dragon scal |       |       |       |   220 |       ||   220
       Troll leather arm |       |       |       |    60 |    38 ||    98
Dodge: Dodged            |    21 |    59 |   138 |   485 |    56 ||   759

Table legend:
 A = Spawn XP
 B = Non-spawn XP
 C = Spawn XP percentage of total XP
 D = Spawn monster count
 E = Non-spawn monster count
 F = Spawn count percentage of total count
 G = Total turns spent on level
                    A         B        C        D         E        F      G
               +---------+---------+-------+---------+---------+-------+---------
         Total |       0 |   45597 |   0.0 |       0 |     473 |   0.0 | 12966
               +---------+---------+-------+---------+---------+-------+---------
           D:1 |       0 |      22 |   0.0 |       0 |      13 |   0.0 |   847
           D:2 |       0 |     158 |   0.0 |       0 |      22 |   0.0 |   517
           D:3 |       0 |     300 |   0.0 |       0 |      32 |   0.0 |   825
           D:4 |       0 |     505 |   0.0 |       0 |      26 |   0.0 |  1185
           D:5 |       0 |    1265 |   0.0 |       0 |      38 |   0.0 |  1075
           D:6 |       0 |    1946 |   0.0 |       0 |      44 |   0.0 |   939
           D:7 |       0 |    1241 |   0.0 |       0 |      30 |   0.0 |  1219
           D:8 |       0 |    4510 |   0.0 |       0 |      39 |   0.0 |   956
           D:9 |       0 |    3647 |   0.0 |       0 |      45 |   0.0 |   683
          D:10 |       0 |    5231 |   0.0 |       0 |      34 |   0.0 |   832
          D:11 |       0 |    4165 |   0.0 |       0 |      39 |   0.0 |  1106
          D:12 |       0 |    6867 |   0.0 |       0 |      31 |   0.0 |  1073
          D:13 |       0 |    6865 |   0.0 |       0 |      41 |   0.0 |   997
          D:14 |       0 |    8738 |   0.0 |       0 |      33 |   0.0 |   533
         Sewer |       0 |     137 |   0.0 |       0 |       6 |   0.0 |   179
               +---------+---------+-------+---------+---------+-------+---------
